 Dungeon Crawl Stone Soup version 0.30-a0-718-geaa24f58ff (webtiles) character file.

Game seed: 4426234879109800512

261 Fenrisus the Shield-Bearer (level 5, -17/53 HPs)
             Began as a Troll Fighter on Jan 25, 2023.
             Demolished by an ogre
             ... wielding a +0 giant spiked club
              (29 damage)
             ... on level 4 of the Dungeon.
             The game lasted 00:08:04 (2390 turns).

Fenrisus the Shield-Bearer (Troll Fighter)          Turns: 2390, Time: 00:08:05

Health: -17/53     AC:  4    Str: 26    XL:     5   Next: 96%
Magic:  4/4        EV:  9    Int:  4    God:
Gold:   224        SH:  9    Dex:  9    Spells: 4/4 levels left

rFire   . . .      SeeInvis .      - Unarmed
rCold   . . .      Faith    .    b - +1 kite shield
rNeg    . . .      Spirit   .    a - +0 robe
rPois   .          Reflect  .    (helmet restricted)
rElec   .          Harm     .    (no cloak)
rCorr   .          Rampage  .    (gloves unavailable)
Will    .....                    (boots unavailable)
Stlth   +                        (no amulet)
HPRegen 1.08/turn                (no ring)
MPRegen 0.09/turn                (no ring)

@: no status effects
A: large, unfitting armour, claws 3, regeneration 1, shaggy fur 1, tough skin 1
a: no special abilities


You were on level 4 of the Dungeon.
You visited 1 branch of the dungeon, and saw 4 of its levels.
You also visited: Sewer.

You collected 224 gold pieces.

Inventory:

Armour
 a - a +0 robe (worn)
 b - a +1 kite shield (worn)
Wands
 m - a wand of flame (6)
Scrolls
 c - 2 scrolls of amnesia {unknown}
 g - a scroll of enchant weapon
 j - a scroll of summoning {unknown}
 l - a scroll of brand weapon
 o - a scroll of identify
Potions
 d - a potion of flight {unknown}
 e - 2 potions of curing {unknown}
 f - 2 potions of lignification {unknown}
 i - a potion of berserk rage
 k - a potion of heal wounds {unknown}
 n - a potion of attraction {unknown}
 p - a potion of cancellation {unknown}
 q - a potion of haste {unknown}


   Skills:
 + Level 3.4 Fighting
 + Level 3.4 Dodging
 + Level 3.8 Shields
 + Level 3.5 Unarmed Combat


You had 4 spell levels left.
You didn't know any spells.
Your spell library contained the following spells:

 Spells                   Type           Power      Damage    Failure   Level
 Necrotise                Necr           0%         1d4       80%         1
 Summon Small Mammal      Summ           0%         N/A       80%         1
 Ensorcelled Hibernation  Hex/Ice        0%         N/A       90%         2
 Passwall                 Tmut/Erth      0%         N/A       90%         2
 Call Canine Familiar     Summ           0%         N/A       99%         3
 Portal Projectile        Hex/Tloc       0%         N/A       99%         3
 Summon Guardian Golem    Hex/Summ       0%         N/A       99%         3
 Swiftness                Air            0%         N/A       99%         3
 Vampiric Draining        Necr           0%         2d6       99%         3
 Leda's Liquefaction      Hex/Erth       0%         N/A       100%        4
 Agony                    Necr           0%         N/A       100%        5


Dungeon Overview and Level Annotations

Branches:
Dungeon (4/15)              Sewer (visited)
 Temple: D:4-7

Altars:
Okawaru
Sif Muna

Shops:
D:3 :

Annotations:
D:2 1 runed translucent door, Crazy Yiuf


Innate Abilities, Weirdness & Mutations

You are too large for most types of armour.
You have claws for hands.
Your natural rate of healing is unusually fast.
You are covered in fur. (AC +1)
You have tough skin. (AC +1)


Message History

The black bear goes berserk!
You scratch the black bear.
The black bear is almost dead.
The black bear bites you! You block the black bear's attack.
The black bear barely misses you.
You closely miss the black bear.
The black bear is almost dead.
The black bear bites you! You block the black bear's attack.
The black bear claws you. The black bear bites you!
You block the black bear's attack. The black bear barely misses you.
As you read the scroll of teleportation, it crumbles to dust.
You feel strangely unstable. The black bear bites you.
The black bear claws you.
The black bear claws you but does no damage.
The black bear rages.
The black bear bites you.
* * * LOW HITPOINT WARNING * * *
The black bear claws you.
* * * LOW HITPOINT WARNING * * *
The black bear closely misses you.
Your surroundings suddenly seem different.
An ogre comes into view. It is wielding a +0 giant spiked club.
Found 13 gold pieces.
Found an escape hatch in the floor.
Found a stone staircase leading up.
The ogre shouts!
You are too injured to fight recklessly!
You are too injured to fight recklessly!
You are too injured to fight recklessly!
You are too injured to fight recklessly!
You are too injured to fight recklessly!
You are too injured to fight recklessly!
You are too injured to fight recklessly!
You hear an angry growl.
The ogre hits you with a +0 giant spiked club.
* * * LOW HITPOINT WARNING * * *
You hear an angry growl.
The ogre attacks as you move away!
The ogre hits you with a +0 giant spiked club!!
Ouch! That really hurt!
You die...

#.# #.#####
#.#...
##.#.######
#.........#
#.........#
#......$..##
#...O.......
#...@.......
#.>..........
#.<..........
......#.###....
......#.# ####
.........
......#.# .....
#.#


You could see an ogre.

Vanquished Creatures
  Pargi (Sewer)
  An iguana (D:3)
  Natasha (thrice) (D:2)
  A worm (D:3)
  4 orcs (D:3)
  3 endoplasms
  3 giant cockroaches (D:3)
  5 goblins
  11 hobgoblins
  2 jackals (D:3)
  2 kobolds
  4 quokkas
  5 ball pythons
  9 bats
  3 frilled lizards
  4 rats
61 creatures vanquished.

Notes
Turn   | Place    | Note
-------+----------+-------------------------------------------
     0 | D:1      | Fenrisus the Troll Fighter began the quest for the Orb.
     0 | D:1      | Reached XP level 1. HP: 22/22 MP: 0/0
    51 | D:1      | Reached XP level 2. HP: 29/29 MP: 1/1
   498 | D:2      | Noticed Natasha
   517 | D:2      | Killed Natasha
   518 | D:2      | Reached XP level 3. HP: 28/36 MP: 2/2
   580 | D:2      | Noticed Natasha
   584 | D:2      | Killed Natasha
   585 | D:2      | Reached XP level 4. HP: 37/44 MP: 3/3
   601 | D:2      | Noticed Natasha
   613 | D:2      | Killed Natasha
   710 | D:2      | Found a runed translucent door.
   711 | D:2      | Noticed Crazy Yiuf
  1153 | D:3      | Found a shimmering blue altar of Sif Muna.
  1267 | D:3      | Found Amuh's Book Shoppe.
  1367 | D:3      | Reached XP level 5. HP: 53/53 MP: 4/4
  1551 | D:3      | Found a glowing drain.
  1555 | Sewer    | Entered a sewer
  1584 | Sewer    | Noticed Pargi
  1590 | Sewer    | Killed Pargi
  1942 | D:3      | Found an iron altar of Okawaru.
  2375 | D:4      | Noticed a black bear
  2385 | D:4      | Noticed an ogre
  2390 | D:4      | Demolished by an ogre

Illustrated notes

Levels and vault maps discovered:
D:1:      dpeg_arrival_round_b, layout_rooms, serial_bayou_pond_d
D:2:      layout_rooms, uniq_crazy_yiuf_cottage, uniq_natasha
D:3:      layout_basic, nicolae_sif_muna_condensation,
          mainiacjoe_overflow_alcove_1, gup_sewer_entry_spiral, serial_shops,
          nicolae_shop_temple_entry_statues_fountains
D:4:      corexii_shantytown, layout_basic, sigmund_army

Skill      XL: |  1  2  3  4 |
---------------+-------------+-----
Shields        | 3 |  3.8
Fighting       | 3 |  3.4
Dodging        | 3 |  3.4
Unarmed Combat | 3 |  3.5

Action                     |  1- 3 |  4- 6 || total
---------------------------+-------+-------++-------
  Melee: Unarmed           |    54 |   130 ||   184
    Use: Scroll            |       |     7 ||     7
         Potion            |       |     1 ||     1
   Stab: Sleeping          |       |     1 ||     1
 Armour: Robe              |    10 |    29 ||    39
  Dodge: Dodged            |    11 |    52 ||    63
  Block: Kite shield       |    13 |    63 ||    76

Table legend: (Time is in decaauts)
 A = Elapsed time spent in this place.
 B = Non-inter-level travel time spent in this place.
 C = Inter-level travel time spent in this place.
 D = Time resting spent in this place.
 E = Time spent auto-exploring this place.
 F = Levels seen in this place.
 G = Mean time per level.
                   A        B        C        D        E       F      G
               +--------+--------+--------+--------+--------+-----+--------+
         Total |   2402 |   1778 |    624 |     58 |   1235 |   5 |  480.4 |
       Dungeon |   2324 |   1700 |    624 |     58 |   1235 |   4 |  581.0 |
         Sewer |     78 |     78 |      0 |      0 |      0 |   1 |   78.0 |
               +--------+--------+--------+--------+--------+-----+--------+

Top non-repeatable levels by time:
     D:3: 1239 daAuts
     D:2: 559 daAuts
     D:1: 490 daAuts
   Sewer: 78 daAuts
     D:4: 35 daAuts
